cohdb
Replays
Latest Replays
All Replays
Popular Replays
Top Player Replays
Match Explorer
How It Works
Community
CoH3 Stats
Reddit
Sign in to upload your games and track your stats! →
Sign in with Steam
Match 38944710
Unlisted
Match 38944710
Overview
Messages
Build Orders
End
Construct Section Command Post
Infantry Section
Royal Engineer Section
Dingo Light Scout Car
Vickers Machine Gun Team
Infantry Section
Construct Platoon Command Post
Selects Heavy Armor Battlegroup
Selects Engineer Detachments
Infantry Section
Construct Company Command Post
Selects Crusader AA Medium Tank
Crusader II Medium Tank
Foot Guards Section
Construct Field Infirmary
只愛❤毛妹
N
0
0
Comments
sign in to comment!
No comments posted yet!